 Dungeon Crawl Stone Soup version 0.30.1-9-gdf580d7c3d (webtiles) character file.

Game seed: 15777074189895880962

13 rodrick the Poker (level 2, 20/20 HPs)
             Began as a Merfolk Reaver on Sept 26, 2023.
             Was a Follower of Hepliaklqana.
             Quit the game on level 1 of the Dungeon.
             The game lasted 00:04:48 (337 turns).

rodrick the Poker (Merfolk Reaver)                   Turns: 337, Time: 00:04:49

Health: 20/20      AC:  3    Str: 12    XL:     2   Next: 37%
Magic:  5/5        EV: 12    Int: 12    God:    Hepliaklqana [*.....]
Gold:   42         SH:  0    Dex: 12    Spells: 0/5 levels left

rFire   . . .        a - +0 spear
rCold   . . .        (no shield)
rNeg    . . .        b - +0 leather armour
rPois   .            (no helmet)
rElec   .            (no cloak)
rCorr   .            (no gloves)
SInv    .            (no boots)
Will    .....        (no amulet)
Stlth   +            (no ring)
HPRegen 0.23/turn    (no ring)
MPRegen 0.09/turn

%: no passive effects
@: no status effects
A: reduced essence, (nimble swimmer 2), mertail
a: Renounce Religion, Recall Ancestor, Ancestor Identity


You were on level 1 of the Dungeon.
You worshipped Hepliaklqana.
Hepliaklqana was aware of your devotion.
You visited 1 branch of the dungeon, and saw 1 of its levels.

You collected 42 gold pieces.

Inventory:

Hand Weapons
 a - a +0 spear (weapon)
Armour
 b - a +0 leather armour (worn)
Jewellery
 d - a ring of see invisible
Scrolls
 f - 2 scrolls of teleportation {unknown}
 g - a scroll of enchant armour {unknown}
Potions
 c - a potion of curing {unknown}
 e - a potion of flight {unknown}


   Skills:
 + Level 2.4 Fighting
 + Level 4.2 Polearms
 + Level 3.0 Dodging
 + Level 2.1 Spellcasting
 + Level 2.5 Conjurations


You couldn't memorise any spells.
You knew the following spells:

 Your Spells              Type           Power      Damage    Failure   Level
a - Kiss of Death         Conj/Necr      16%        2d6       21%         1
b - Momentum Strike       Conj/Tloc      8%         3d8       30%         2
c - Static Discharge      Conj/Air       8%         2-3/arc   30%         2

Your spell library contained the following spells:

 Spells                   Type           Power      Damage    Failure   Level
 Hailstorm                Conj/Ice       4%         3d4       52%         3
 Airstrike                Air            0%         2d(1-17)  98%         4
 Summon Lightning Spire   Summ/Air       1%         N/A       98%         4


Dungeon Overview and Level Annotations

Branches:
Dungeon (1/15)

Altars:
Hepliaklqana


Innate Abilities, Weirdness & Mutations

Your life essence is reduced to manifest your ancestor. (-10% HP)
((You are very nimble when in or above water. (Stealth+, EV+, Speed+++)))
Your lower body shifts to a powerful aquatic tail in water.


Message History

The rat bites you.
You barely miss the rat.
The rat is heavily wounded.
Akhenaten barely misses the rat.
You closely miss the rat.
The rat is heavily wounded.
The rat closely misses you. The goblin barely misses you.
Akhenaten hits the rat.
The rat dies!
You hit the goblin.
The goblin is heavily wounded.
The goblin closely misses you.
You hit the goblin.
You kill the goblin!
Your Dodging skill increases to level 3!
You see here a +0 club.
You pick up a book of Storms and begin reading...
You add the spells Static Discharge, Airstrike and Summon Lightning Spire to your library.
Found a dagger and a sling.
A goblin comes into view. It is wielding a +0 club.
The goblin shouts!
The goblin closely misses you.
You barely miss the goblin. The goblin barely misses you.
Akhenaten misses the goblin.
You closely miss the goblin. The goblin barely misses you.
Akhenaten hits the goblin.
You hit the goblin.
You kill the goblin!
Things that are here:
a +0 club; a +0 sling; a goblin corpse
Okay, then.
This spell is quite dangerous to cast!
Memorise Momentum Strike, consuming 2 spell levels and leaving 2?
You start memorising the spell.
You continue memorising. x2
You finish memorising.
Spell assigned to 'b'.
This spell is quite dangerous to cast!
Memorise Static Discharge, consuming 2 spell levels and leaving 0?
You start memorising the spell.
You continue memorising. x2
You finish memorising.
Spell assigned to 'c'.
Are you sure you want to abandon this character and quit the game? (Confirm with "yes".)

.. ##.## #.##...≈. ..
#..### #.##.8.≈. ##...#
#.##...≈( ###.####
#.##.8.≈.
.#######....###.##...≈.
..............#.##.8.≈.
###########.#.#.##...≈.
####..)........#.####...
.......@R......#.# ##<#
####.#####...#.#.# ### #
#.#.#...## ###
....#....####..
##.###.#....#..#
......#........
#.########..### #.#
#>... ######


You could see the friendly Akhenaten the ancestor.

Vanquished Creatures
  2 bats (D:1)
  An endoplasm (D:1)
  2 goblins (D:1)
  A hobgoblin (D:1)
  A ball python (D:1)
  A frilled lizard (D:1)
  2 kobolds (D:1)
  2 rats (D:1)
12 creatures vanquished.

Vanquished Creatures (collateral kills)
  A rat (D:1)
1 creature vanquished.

Grand Total: 13 creatures vanquished

Notes
Turn   | Place    | Note
-------+----------+-------------------------------------------
     0 | D:1      | rodrick the Merfolk Reaver began the quest for the Orb.
     0 | D:1      | Reached XP level 1. HP: 16/16 MP: 3/3
   237 | D:1      | Reached XP level 2. HP: 23/23 MP: 5/5
   250 | D:1      | Found a faded altar of an unknown god.
   262 | D:1      | Prayed at the altar of an unknown god.
   262 | D:1      | Became a worshipper of Hepliaklqana the Forgotten
   262 | D:1      | Reached * piety under Hepliaklqana
   334 | D:1      | Learned a level 2 spell: Momentum Strike
   337 | D:1      | Learned a level 2 spell: Static Discharge
   337 | D:1      | Quit the game

Illustrated notes

Levels and vault maps discovered:
D:1:      mainiacjoe_arrival_reflecting_pool, layout_basic,
          basic_ecumenical_altar

Skill      XL: |  1  2 |
---------------+-------+-----
Dodging        | 3 |  3.0
Fighting       | |  2.4
Polearms       | |  4.2
Spellcasting   | |  2.1
Conjurations   | |  2.5

Action                     || total
---------------------------++-------
  Melee: Spear             ||    43
 Invoke: Ancestor Identity ||     1
 Armour: Leather armour    ||     9
  Dodge: Dodged            ||    23
